 Dungeon Crawl Stone Soup version 0.21-a0-508-gf08a75f (webtiles) character file.

31 Laiders the Nimble (level 3, -2/25 HPs)
             Began as a Gnoll Wanderer on Nov 28, 2017.
             Slain by an orc
             ... wielding a +0 trident
              (11 damage)
             ... on level 2 of the Dungeon.
             The game lasted 00:03:45 (1062 turns).

Laiders the Nimble (Gnoll Wanderer)                 Turns: 1062, Time: 00:03:46

Health: -2/25      AC:  3    Str: 17    XL:     3   Next: 22%
Magic:  3/3        EV: 13    Int: 14    God:
Gold:   63         SH:  8    Dex: 12    Spells: 3/3 levels left

rFire    . . .     SeeInvis .   h - +0 short sword
rCold    . . .     Gourm    .   a - +0 shield
rNeg     . . .     Faith    .   n - +0 leather armour
rPois    .         Spirit   .   (no helmet)
rElec    .         Reflect  .   (no cloak)
rCorr    .         Harm     .   (no gloves)
MR       .....                  (no boots)
Stlth    ++........             (no amulet)
HPRegen  0.08/turn              (no ring)
MPRegen  0.08/turn              (no ring)

@: hasted, very quick
A: distributed training, fangs 1, strong nose
a: no special abilities


You were on level 2 of the Dungeon.
You were hungry.

You visited 1 branch of the dungeon, and saw 2 of its levels.

You collected 63 gold pieces.

Inventory:

Hand Weapons
 h - a +0 short sword (weapon)
 l - a +0 hunting sling
Armour
 a - a +0 shield (worn)
 n - a +0 leather armour (worn)
Scrolls
 c - 2 scrolls of teleportation
 d - a scroll of identify {unknown}
 i - 3 scrolls of remove curse {unknown}
 k - a scroll of magic mapping {unknown}
 m - a scroll of amnesia {unknown}
Comestibles
 f - 2 bread rations
 j - a royal jelly


   Skills:
 + Level 0.6 Fighting
 + Level 0.6 Short Blades
 + Level 0.6 Long Blades
 + Level 0.6 Axes
 + Level 0.6 Maces & Flails
 + Level 0.6 Polearms
 + Level 0.6 Staves
 + Level 0.6 Slings
 + Level 0.6 Bows
 + Level 0.6 Crossbows
 + Level 0.6 Throwing
 + Level 0.6 Armour
 + Level 8.5 Dodging
 + Level 2.3 Stealth
 + Level 2.5 Shields
 + Level 2.5 Unarmed Combat
 + Level 0.6 Spellcasting
 + Level 2.1 Conjurations
 + Level 0.4 Hexes
 + Level 3.7 Charms
 + Level 0.4 Summonings
 + Level 0.4 Necromancy
 + Level 0.4 Translocations
 + Level 0.4 Transmutations
 + Level 0.4 Fire Magic
 + Level 0.4 Ice Magic
 + Level 0.4 Air Magic
 + Level 0.4 Earth Magic
 + Level 0.4 Poison Magic
 + Level 0.8 Invocations
 + Level 0.6 Evocations


You had 3 spell levels left.
You didn't know any spells.

Dungeon Overview and Level Annotations

Branches:
Dungeon (2/15)

Altars:


Innate Abilities, Weirdness & Mutations

Your experience applies equally to all skills.
You have very sharp teeth.
Your uncanny sense of smell can sniff out nearby items.


Message History

You barely miss the orc.
The orc is lightly wounded.
The orc closely misses you.
You hit the orc but do no damage. The orc misses you.
You barely miss the orc. The orc hits you with a trident.
* * * LOW HITPOINT WARNING * * *
You hit the orc but do no damage. The orc closely misses you.
You hit the orc but do no damage. The orc hits you with a trident.
* * * LOW HITPOINT WARNING * * *
Press: ? - help, v - describe, . - travel
Here: an orc, wielding a trident and wearing a chain mail The floor.
You feel better. You block the orc's attack.
It was a potion of haste.
You feel yourself speed up. You block the orc's attack.
You hit the orc but do no damage. Your bite misses the orc. The orc misses you.
You hit the orc but do no damage. You hit the orc but do no damage.
The orc misses you.
You hit the orc but do no damage. The orc hits you with a trident!
You die...

#######
###.......#
#########...#
#.#
#.......#.#.#
#.#
#.##o.oo....#
#.#
#.##l#.#.#
#.# o..
#o#.#.#####.#
#..##
#@#.........#
#o.
#.#####....<#
#.......#
##.##.#
...######
####.# #.#
#####.###
#.......#
#.###.#.# ∆
##.#.#


You could see 3 orcs and a leopard gecko.

Vanquished Creatures
  An adder (D:2)
  An ooze (D:1)
  2 orcs (D:2)
  2 goblins (D:1)
  A hobgoblin (D:1)
  A bat (D:1)
  5 frilled lizards (D:1)
  2 kobolds
  4 rats
19 creatures vanquished.

Notes
Turn   | Place    | Note
-------+----------+-------------------------------------------
     0 | D:1      | Laiders the Gnoll Wanderer began the quest for the Orb.
     0 | D:1      | Laiders set off with: a +0 shield, a potion of curing, a scroll of teleportation, a +0 robe, a +0 club, a bread ration
     0 | D:1      | Reached XP level 1. HP: 13/13 MP: 1/1
   182 | D:1      | Reached XP level 2. HP: 8/19 MP: 2/2
   848 | D:2      | Reached XP level 3. HP: 18/25 MP: 3/3
  1062 | D:2      | Slain by an orc

Vault maps used:
D:1:      dpeg_arrival_arbitrary_b
D:2:      chequers_ecumenical_altar_simple_redux

Skill      XL: |  1 |
---------------+----+-----
Conjurations   | 2 |  2.1
Fighting       | |  0.6
Short Blades   | |  0.6
Long Blades    | |  0.6
Axes           | |  0.6
Maces & Flails | |  0.6
Polearms       | |  0.6
Staves         | |  0.6
Slings         | |  0.6
Bows           | |  0.6
Crossbows      | |  0.6
Throwing       | |  0.6
Armour         | |  0.6
Dodging        | |  8.5
Stealth        | |  2.3
Shields        | |  2.5
Unarmed Combat | |  2.5
Spellcasting   | |  0.6
Hexes          | |  0.4
Charms         | |  3.7
Summonings     | |  0.4
Necromancy     | |  0.4
Translocations | |  0.4
Transmutations | |  0.4
Fire Magic     | |  0.4
Ice Magic      | |  0.4
Air Magic      | |  0.4
Earth Magic    | |  0.4
Poison Magic   | |  0.4
Invocations    | |  0.8
Evocations     | |  0.6

Action                   || total
-------------------------++-------
Melee: Club              ||    32
       Bite              ||     9
       Short sword       ||    72
  Use: Potion            ||     3
 Stab: Sleeping          ||     1
Armor: Leather armour    ||    13
       Robe              ||     1
Dodge: Dodged            ||    58
Block: Shield            ||    45

Table legend:
 A = Spawn XP
 B = Non-spawn XP
 C = Spawn XP percentage of total XP
 D = Spawn monster count
 E = Non-spawn monster count
 F = Spawn count percentage of total count
 G = Total turns spent on level
                    A         B        C        D         E        F      G
               +---------+---------+-------+---------+---------+-------+---------
         Total |       0 |      45 |   0.0 |       0 |      19 |   0.0 |  1062
               +---------+---------+-------+---------+---------+-------+---------
           D:1 |       0 |      23 |   0.0 |       0 |      14 |   0.0 |   823
           D:2 |       0 |      22 |   0.0 |       0 |       5 |   0.0 |   239
               +---------+---------+-------+---------+---------+-------+---------
